 Dungeon Crawl Stone Soup version 0.26.1-2-gb8aa6d0cf2 (webtiles) character file.

Game seed: 2058609129337316080

684 hawla the Conjurer (level 7, 0/50 HPs)
             Began as a Black Draconian Conjurer on Feb 9, 2021.
             Was an Initiate of Gozag.
             Slain by an iguana (11 damage)
             ... on level 4 of the Dungeon.
             The game lasted 00:08:38 (4216 turns).

hawla the Conjurer (Black Draconian Conjurer)       Turns: 4216, Time: 00:08:38

Health: 0/50       AC:  9    Str:  9    XL:     7   Next: 35%
Magic:  1/13       EV: 12    Int: 21    God:    Gozag
Gold:   444        SH:  0    Dex:  9    Spells: 7/14 levels left

rFire    . . .     SeeInvis .   e - +2 falchion (freeze)
rCold    . . .     Faith    .   (no shield)
rNeg     . . .     Spirit   .   (armour unavailable)
rPois    .         Reflect  .   (helmet restricted)
rElec    +         Harm     .   (no cloak)
rCorr    .         Rampage  .   (no gloves)
Will     .....                  d - +2 pair of boots
Stlth    ++........             (no amulet)
HPRegen  0.16/turn              (no ring)
MPRegen  0.13/turn              (no ring)

@: no status effects
A: breathe lightning, unfitting armour, electricity resistance, cold-blooded, AC
+6
a: Breathe Lightning, Renounce Religion, Potion Petition, Call Merchant, Bribe
Branch


You were on level 4 of the Dungeon.
You worshipped Gozag.
Gozag was aware of your devotion.
You visited 1 branch of the dungeon, and saw 4 of its levels.

You collected 483 gold pieces.
You paid 39 gold pieces to Gozag.

Inventory:

Hand Weapons
 e - a +2 falchion of freezing (weapon)
Missiles
 n - 4 boomerangs
Armour
 d - a +2 pair of boots (worn)
Scrolls
 b - 3 scrolls of magic mapping {unknown}
 g - a scroll of noise {unknown}
 i - 2 scrolls of enchant weapon {unknown}
 l - a scroll of enchant armour
 m - a scroll of remove curse
 p - a scroll of identify
Potions
 a - a potion of brilliance
 c - a potion of magic
 f - 3 potions of mutation {unknown}
 h - 2 potions of curing {unknown}
 j - a potion of attraction {unknown}
 k - a potion of cancellation {unknown}
 q - a potion of heal wounds


   Skills:
 - Level 1.7 Dodging
 - Level 1.7 Stealth
 + Level 4.0 Spellcasting
 * Level 6.9 Conjurations
 * Level 4.1 Translocations


You had 7 spell levels left.
You knew the following spells:

 Your Spells              Type           Power        Failure   Level
a - Magic Dart            Conj           100%         1%          1
b - Searing Ray           Conj           66%          1%          2
c - Iskenderun's Mystic   Conj/Tloc      27%          12%         4

Your spell library contained the following spells:

 Spells                   Type           Power        Failure   Level
 Dazzling Flash           Conj/Hex       36%          9%          3
 Fulminant Prism          Conj/Hex       9%           28%         4


Dungeon Overview and Level Annotations

Branches:
Dungeon (4/15)
 Temple: D:4-7

Altars:
Dithmenos
Elyvilon
Fedhas
Gozag
Qazlal
Sif Muna
Uskayaw
Xom


Innate Abilities, Weirdness & Mutations

You can breathe wild blasts of lightning.
Your glossy black scales are hard. (AC +6)
You cannot fit into any form of body armour.
You are resistant to electric shocks. (rElec)
You are cold-blooded and may be slowed by cold attacks.


Message History

Your surroundings suddenly seem different.
An iguana comes into view.
The iguana hisses angrily.
The iguana bites you!
* * * LOW HITPOINT WARNING * * *
Casting: Iskenderun's Mystic Blast (quite dangerous; 12% risk of failure)
Confirm with . or Enter, or press ? or * to list all spells.
Aiming: Magic Dart (safe; 1% risk of failure)
Press: ? - help, Shift-Dir - straight line, f - iguana
Aim: an iguana (0% to evade)
The magic dart hits the iguana.
The iguana is moderately wounded.
The iguana closely misses you.
You hit the iguana.
The iguana seems to slow down.
You freeze the iguana.
The iguana is severely wounded.
You hit the iguana but do no damage.
The iguana is severely wounded.
The iguana bites you!
You die...
Your body crumbles into a pile of gold.

....## ..
#..# ..
#.. . ..
#.Z ..#
###+##.
#.# ....
..... #.#
.....#...
. #
#....l#
#. # #@#
# .
#........
.
##.......
.. $
....###
## #...#
.#...
......
......


You could see an iguana (slow).

Vanquished Creatures
  Grinder (D:4)
  An ogre (D:4)
  A hound (D:4)
  3 jellies (D:2)
  An orc priest (D:3)
  A worker ant (D:4)
  A hound skeleton (D:4)
  9 adders
  10 oozes
  An adder skeleton (D:4)
  2 worms
  3 dart slugs
  3 leopard geckos
  9 orcs (D:3)
  6 bats
  3 giant cockroaches
  6 goblins
  3 hobgoblins
  2 jackals (D:3)
  3 quokkas
  A ball python (D:4)
  3 frilled lizards
  15 kobolds
  7 rats
95 creatures vanquished.

Vanquished Creatures (others)
  5 fungi (D:2)
  A plant (D:2)
  9 toadstools (D:2)
15 creatures vanquished.

Grand Total: 110 creatures vanquished

Notes
Turn   | Place    | Note
-------+----------+-------------------------------------------
     0 | D:1      | hawla the Draconian Conjurer began the quest for the Orb.
     0 | D:1      | Reached XP level 1. HP: 14/14 MP: 3/3
   267 | D:1      | Reached XP level 2. HP: 19/20 MP: 0/5
   270 | D:1      | Learned a level 2 spell: Searing Ray
  1158 | D:2      | Found a hide-covered altar of Uskayaw.
  1165 | D:2      | Reached XP level 3. HP: 7/26 MP: 1/6
  1733 | D:2      | Reached skill level 5 in Conjurations
  1733 | D:2      | Reached XP level 4. HP: 17/33 MP: 2/8
  1743 | D:2      | Learned a level 4 spell: Iskenderun's Mystic Blast
  1773 | D:2      | Reached skill level 1 in Translocations
  1819 | D:2      | Reached XP level 5. HP: 28/38 MP: 0/9
  2164 | D:2      | Found a blossoming altar of Fedhas.
  2431 | D:2      | Found a shimmering altar of Xom.
  2492 | D:2      | Found a stormy altar of Qazlal.
  2492 | D:2      | Found a shimmering blue altar of Sif Muna.
  2500 | D:2      | Found an opulent altar of Gozag.
  2502 | D:2      | Found a faded altar of an unknown god.
  2504 | D:2      | Found a faded altar of an unknown god.
  2570 | D:2      | Became a worshipper of Elyvilon the Healer
  2570 | D:2      | Reached * piety under Elyvilon
  2573 | D:2      | Fell from the grace of Elyvilon
  2573 | D:2      | Became a worshipper of Dithmenos the Shadowed
  2573 | D:2      | Reached * piety under Dithmenos
  2579 | D:2      | Fell from the grace of Dithmenos
  2579 | D:2      | Became a worshipper of Gozag Ym Sagoz the Greedy
  3025 | D:3      | Reached skill level 6 in Conjurations
  3025 | D:3      | Reached XP level 6. HP: 33/45 MP: 11/11
  4144 | D:4      | Noticed Grinder
  4149 | D:4      | Paralysed by Grinder for 4 turns
  4159 | D:4      | Paralysed by Grinder for 4 turns
  4164 | D:4      | Paralysed by Grinder for 7 turns
  4173 | D:4      | Killed Grinder
  4174 | D:4      | Your scales start taking on a glossy black colour.
  4174 | D:4      | Reached XP level 7. HP: 15/50 MP: 0/13
  4174 | D:4      | Gained mutation: You are resistant to electric shocks.
                  | (rElec) [Black Draconian growth]
  4210 | D:4      | Noticed a troll
  4216 | D:4      | Slain by an iguana

Illustrated notes

Levels and vault maps discovered:
D:1:      minmay_arrival_stone_box, layout_basic
D:2:      cheibrodos_fertilizer, layout_loops_cross,
          eat_drink_and_be_merry_uskayaw, chequers_temple_overflow_minitemple,
          overflow_temple_1_default, lemuel_crystal_altar, serial_bayou_crossing
D:3:      layout_loops_ring
D:4:      wad_crossroads, layout_gridville, minmay_temple_entry_slanted,
          uniq_grinder, uniq_blork_the_orc

Skill      XL: |  1  2  3  4  5  6 |
---------------+-------------------+-----
Conjurations   | 5 6 |  6.9
Spellcasting   | 3 4 |  4.0
Translocations | 1 2 4 |  4.1
Dodging        | |  1.7
Stealth        | |  1.7

Action                   |  1- 3 |  4- 6 |  7- 9 || total
-------------------------+-------+-------+-------++-------
Melee: Unarmed           |    23 |       |       ||    23
       Tailslap          |     2 |    11 |       ||    13
       Falchion          |     5 |    75 |     3 ||    83
 Cast: Magic Dart        |    27 |    17 |     1 ||    45
       Searing Ray       |     9 |    33 |       ||    42
       Iskenderun's Myst |       |     2 |     1 ||     3
  Use: Scroll            |     4 |       |     1 ||     5
       Potion            |     1 |       |       ||     1
 Stab: Distracted        |       |     1 |       ||     1
Armor: Skin              |    17 |    29 |       ||    46
Dodge: Dodged            |    35 |    56 |     1 ||    92
       Rpst.: Falchion   |     2 |    18 |       ||    20
